 Dungeon Crawl Stone Soup version 0.28.0 (webtiles) character file.

Game seed: 10698199299781136874

51 Ayyar the Slinger (level 3, -1/26 HPs)
             Began as a Gnoll Wanderer on Mar 31, 2022.
             Slain by Natasha (8 damage)
             ... on level 2 of the Dungeon.
             The game lasted 00:04:27 (1407 turns).

Ayyar the Slinger (Gnoll Wanderer)                  Turns: 1407, Time: 00:04:28

Health: -1/26      AC:  2    Str: 11    XL:     3   Next: 81%
Magic:  4/4        EV: 11    Int: 10    God:
Gold:   48         SH:  0    Dex: 14    Spells: 4/4 levels left

rFire   . . .      SeeInvis .   a - +2 hunting sling
rCold   . . .      Faith    .   (no shield)
rNeg    . . .      Spirit   .   g - +0 robe
rPois   .          Reflect  .   (no helmet)
rElec   .          Harm     .   (no cloak)
rCorr   .          Rampage  .   (no gloves)
Will    .....                   (no boots)
Stlth   ++........              (no amulet)
HPRegen 0.08/turn               (no ring)
MPRegen 0.09/turn               (no ring)

@: no status effects
A: fangs 1, strong nose, distributed training
a: no special abilities


You were on level 2 of the Dungeon.
You visited 1 branch of the dungeon, and saw 2 of its levels.

You collected 48 gold pieces.

Inventory:

Hand Weapons
 a - a +2 hunting sling (weapon)
 c - a +0 hand crossbow
 f - a +0 dagger
Missiles
 b - 4 sling bullets (quivered ammo)
 d - 26 bolts
 e - 10 poisoned darts
 i - 62 stones
 m - 3 silver javelins
Armour
 g - a +0 robe (worn)
Jewellery
 k - an amulet of faith
Scrolls
 h - a scroll of blinking {unknown}
 j - 4 scrolls of identify {unknown}
 n - a scroll of teleportation {unknown}
 o - 2 scrolls of immolation
Potions
 l - a potion of curing {unknown}


   Skills:
 + Level 1.0 Fighting
 + Level 1.0 Short Blades
 + Level 1.0 Long Blades
 + Level 1.0 Axes
 + Level 1.0 Maces & Flails
 + Level 1.0 Polearms
 + Level 1.0 Staves
 + Level 8.5 Slings
 + Level 1.0 Bows
 + Level 4.6 Crossbows
 + Level 4.6 Throwing
 + Level 1.0 Armour
 + Level 1.0 Dodging
 + Level 2.4 Stealth
 + Level 1.0 Shields
 + Level 1.0 Unarmed Combat
 + Level 1.0 Spellcasting
 + Level 0.7 Conjurations
 + Level 0.7 Hexes
 + Level 0.7 Summonings
 + Level 0.7 Necromancy
 + Level 0.7 Translocations
 + Level 0.7 Transmutations
 + Level 0.7 Fire Magic
 + Level 0.7 Ice Magic
 + Level 0.7 Air Magic
 + Level 0.7 Earth Magic
 + Level 0.7 Poison Magic
 + Level 1.0 Invocations
 + Level 2.6 Evocations


You had 4 spell levels left.
You didn't know any spells.
Your spell library contained the following spells:

 Spells                   Type           Power      Damage    Failure   Level
 Sublimation of Blood     Necr           1%         N/A       36%         2
 Petrify                  Tmut/Erth      1%         N/A       95%         4
 Irradiate                Conj/Tmut      0%         3d14      100%        5


Dungeon Overview and Level Annotations

Branches:
Dungeon (2/15)

Altars:
Gozag

Annotations:
D:2 Natasha


Innate Abilities, Weirdness & Mutations

You have very sharp teeth.
Your uncanny sense of smell can sniff out nearby items.
Your experience applies equally to all skills.


Message History

No target in view!
Natasha, Servant of Life and Death comes into view.
Found 27 stones.
There is a faded altar of an unknown god here.
You see here 2 scrolls of immolation.
o - 2 scrolls of immolation You shoot a sling bullet.
The sling bullet hits Natasha.
Natasha is lightly wounded.
You shoot a sling bullet.
The sling bullet closely misses Natasha.
Natasha wildly gestures.
Natasha shimmers violently.
You shoot a sling bullet. The sling bullet hits Natasha.
Natasha is moderately wounded.
Natasha wildly gestures.
Natasha shimmers violently.
Natasha claws you!
You shoot a sling bullet.
The sling bullet closely misses Natasha.
Natasha misses you.
You shoot a sling bullet. The sling bullet hits Natasha.
Natasha is heavily wounded.
You shoot a sling bullet. The sling bullet hits Natasha.
Natasha is heavily wounded.
Natasha claws you.
You shoot a sling bullet. The sling bullet hits Natasha.
Natasha is severely wounded.
Natasha stares at you and mumbles some strange words.
The magic dart hits you!
* * * LOW HITPOINT WARNING * * *
You are too injured to fight recklessly!
You are too injured to fight recklessly!
Fire: 5 sling bullets
Press: ? - help, Q - select action, (/) - cycle Shift-Dir - straight line, f/p - Natasha
Aim: Natasha (severely wounded, 59% to hit)
You shoot a sling bullet.
The sling bullet hits Natasha but does no damage.
Natasha is severely wounded.
Natasha claws you!
You die...

..##.#.............##.........#
..##..........................#
..####.<........ .....#......#
..# #......###.+####..###....#
### #.....#.......##.........#
###...........[...#######
...........#...#
.....#.........#
(...(.h@..#....#
...#...(.#.#...#
...(...(....#..#
..(....(...#...#
..#...#(##.....# ...#.#...
#...## #........ ...# #########
###


You could see Natasha.

Vanquished Creatures
  2 adders (D:2)
  2 worms (D:2)
  A dart slug (D:1)
  3 ball pythons
  4 endoplasms
  A goblin (D:2)
  A hobgoblin (D:2)
  2 jackals (D:1)
  A kobold (D:1)
  A quokka (D:1)
  2 bats
  2 frilled lizards (D:2)
  2 rats (D:1)
24 creatures vanquished.

Notes
Turn   | Place    | Note
-------+----------+-------------------------------------------
     0 | D:1      | Ayyar the Gnoll Wanderer began the quest for the Orb.
     0 | D:1      | Ayyar set off with the following items: a +2 hunting sling,
                  | 19 sling bullets, a +0 hand crossbow, 26 bolts, 8 poisoned
                  | darts, a +0 dagger, a +0 robe
     0 | D:1      | Reached XP level 1. HP: 13/13 MP: 1/1
   485 | D:1      | Reached XP level 2. HP: 19/19 MP: 2/2
  1082 | D:2      | Reached XP level 3. HP: 25/25 MP: 3/3
  1116 | D:2      | Found an opulent altar of Gozag.
  1244 | D:2      | Reached skill level 1 in Invocations
  1381 | D:2      | Found a faded altar of an unknown god.
  1397 | D:2      | Reached skill level 1 in Fighting
  1397 | D:2      | Reached skill level 1 in Short Blades
  1397 | D:2      | Reached skill level 1 in Long Blades
  1397 | D:2      | Reached skill level 1 in Axes
  1397 | D:2      | Reached skill level 1 in Maces & Flails
  1397 | D:2      | Reached skill level 1 in Polearms
  1397 | D:2      | Reached skill level 1 in Staves
  1397 | D:2      | Reached skill level 1 in Bows
  1397 | D:2      | Reached skill level 1 in Armour
  1397 | D:2      | Reached skill level 1 in Dodging
  1397 | D:2      | Reached skill level 1 in Shields
  1397 | D:2      | Reached skill level 1 in Unarmed Combat
  1397 | D:2      | Reached skill level 1 in Spellcasting
  1397 | D:2      | Noticed Natasha
  1407 | D:2      | Slain by Natasha

Illustrated notes

Levels and vault maps discovered:
D:1:      evilmike_arrival_rings, layout_rooms, serial_co_window_serial,
          co_window_paths_b, co_window_corner_a, co_window_cross_1,
          co_window_paths_b, co_window_paths_a, co_window_of_opportunity_b,
          co_window_unsneaky_path_a, co_window_corner_cb,
          co_window_unsneaky_path_d, co_window_sun, glass_columns_a,
          glass_columns_a, glass_columns_a, glass_columns_c, glass_columns_b,
          minmay_hedge_maze, minmay_crystal_room
D:2:      layout_rooms, basic_altar, hellmonk_ecumenical_altar_blasted,
          uniq_natasha

Skill      XL: |  1  2  3 |
---------------+----------+-----
Invocations    | 1 |  1.0
Fighting       | 1 |  1.0
Short Blades   | 1 |  1.0
Long Blades    | 1 |  1.0
Axes           | 1 |  1.0
Maces & Flails | 1 |  1.0
Polearms       | 1 |  1.0
Staves         | 1 |  1.0
Bows           | 1 |  1.0
Armour         | 1 |  1.0
Dodging        | 1 |  1.0
Shields        | 1 |  1.0
Unarmed Combat | 1 |  1.0
Spellcasting   | 1 |  1.0
Slings         | |  8.5
Crossbows      | |  4.6
Throwing       | |  4.6
Stealth        | |  2.4
Conjurations   | |  0.7
Hexes          | |  0.7
Summonings     | |  0.7
Necromancy     | |  0.7
Translocations | |  0.7
Transmutations | |  0.7
Fire Magic     | |  0.7
Ice Magic      | |  0.7
Air Magic      | |  0.7
Earth Magic    | |  0.7
Poison Magic   | |  0.7
Evocations     | |  2.6

Action                   || total
-------------------------++-------
 Fire: Hunting sling     ||    70
Dodge: Dodged            ||     2
